Map: Arctic Dream LE

Players

qqq

  • Race: Zerg Zerg
  • Spawn Location: 11:00

Massa

  • Race: Terran Terran
  • League: Platinum
  • Spawn Location: 12:00

Samonier - Winner!

  • Race: Terran Terran
  • Spawn Location: 5:00

Gladiator - Winner!

  • Race: Protoss Protoss
  • Spawn Location: 6:00

VOD

Have the link to the VOD?

Description

Time

  • Played on: Feb. 13, 2021, 7:48 a.m.
  • Length: 22:51
Show
View Real Time Build Order
Export as new Build Order

qqq Zerg 

Build Orders: Hatch First 

Get SALT Encoding   

  12  0:00  Drone  
  13  0:08  Drone  
  14  0:31  Overlord  
  14  0:50  Hatchery  
  14  0:53  Drone x2  
  15  0:58  Drone  
  16  1:16  Spawning Pool  
  16  1:17  Extractor  
  14  1:32  Drone x3  
  17  2:04  Drone x2  
  19  2:19  Zergling x4  
  19  2:21  Zergling x4  
  23  2:31  Metabolic Boost  
  23  2:38  Zergling x4  
  25  2:44  Zergling x4  
  25  2:47  Zergling x2  
  28  2:53  Overlord  
  27  3:15  Drone  
  27  3:16  Hatchery  
  27  3:20  Zergling x2  
  27  3:27  Zergling x2  
  27  3:53  Zergling x4  
  27  3:54  Zergling x2  
  29  3:56  Lair  
  27  4:03  Extractor  
  27  4:06  Drone  
  27  4:17  Drone  
  23  4:36  Spine Crawler  
  23  4:37  Drone  
  23  4:38  Drone, Spine Crawler  
  20  4:39  Drone x2, Spine Crawler, Queen  
  23  4:48  Drone  
  24  4:53  Spine Crawler  
  24  4:58  Spine Crawler  
  22  5:01  Drone  
  23  5:19  Spire  
  23  5:20  Drone  
  23  5:25  Drone  
  23  5:28  Drone  
  25  5:32  Drone  
  26  5:36  Drone  
  26  5:39  Drone  
  26  6:01  Drone x2  
  28  6:08  Drone x2  
  30  6:16  Queen  
  32  6:19  Drone  
  32  6:22  Drone  
  34  6:27  Drone  
  34  6:30  Overlord  
  35  6:35  Zerg Flyer Weapons Level 1  
  35  6:37  Drone  
  36  6:48  Corruptor  
  38  6:54  Infestation Pit  
  38  6:55  Drone x3  
  38  7:00  Drone  
  41  7:01  Mutalisk  
  41  7:06  Overlord  
  38  7:22  Drone x3  
  39  7:23  Corruptor  
  41  7:31  Drone  
  41  7:35  Drone  
  41  7:36  Corruptor  
  45  7:49  Corruptor  
  45  7:50  Corruptor  
  49  7:59  Hive  
  49  8:07  Mutalisk  
  49  8:09  Overlord x2  
  49  8:10  Drone  
  52  8:27  Hatchery, Overlord  
  52  8:28  Drone  
  52  8:29  Drone  
  52  8:32  Drone  
  54  8:36  Drone x2  
  54  8:39  Overlord  
  56  8:49  Drone  
  48  9:04  Drone  
  48  9:05  Drone, Spine Crawler  
  48  9:07  Corruptor x2  
  53  9:13  Viper  
  53  9:15  Drone  
  57  9:18  Extractor  
  57  9:20  Extractor  
  55  9:29  Mutalisk  
  55  9:31  Zergling x2, Overlord  
  58  9:32  Drone  
  59  9:39  Drone x2  
  61  9:54  Drone x2  
  61  9:55  Drone x3  
  61  9:56  Mutalisk  
  61  9:57  Corruptor  
  70  10:02  Drone  
  71  10:09  Drone  
  71  10:11  Queen  
  73  10:18  Mutalisk  
  73  10:24  Drone x4  
  75  10:35  Mutalisk  
  75  10:36  Mutalisk  
  75  10:40  Drone  
  75  10:41  Drone x3  
  83  10:57  Mutalisk x2  
  83  10:59  Overlord x3  
  83  11:01  Drone  
  83  11:02  Drone  
  89  11:24  Mutalisk x3  
  89  11:25  Zergling x4  
  93  11:26  Drone x2  
  93  11:27  Drone x4  
  99  11:35  Drone x3  
  99  11:36  Drone  
  99  11:38  Extractor  
  99  11:39  Extractor  
  101  11:44  Drone, Viper  
  105  11:54  Zerg Flyer Armor Level 1  
  105  11:58  Drone x3  
  104  12:13  Drone x3  
  104  12:15  Mutalisk x2  
  107  12:17  Corruptor  
  107  12:18  Overlord  
  107  12:19  Drone  
  112  12:29  Drone x2  
  106  12:34  Drone  
  77  12:55  Corruptor x3  
  77  12:58  Drone x3, Corruptor  
  82  13:09  Drone x2  
  84  13:23  Drone  
  84  13:25  Hatchery  
  84  13:27  Corruptor x2  
  84  13:29  Hatchery  
  84  13:31  Hatchery  
  84  13:34  Viper  
  89  13:43  Mutalisk  
  89  13:45  Zergling x6  
  89  13:46  Zergling x4  
  96  14:04  Corruptor  
  96  14:06  Corruptor x2  
  102  14:24  Corruptor x2  
  102  14:29  Greater Spire  
  106  14:32  Spire  
  91  14:42  Mutalisk x3  
  91  14:44  Zergling x12  
  91  14:45  Zergling x4  
  105  14:46  Drone x2  
  105  14:51  Mutalisk  
  109  14:53  Drone, Mutalisk  
  109  14:55  Overlord x2  
  104  15:09  Drone x2  
  86  15:27  Mutalisk  
  86  15:28  Mutalisk x5  
  82  15:29  Drone  
  82  15:30  Drone  
  82  15:32  Spine Crawler  
  82  15:34  Spine Crawler x2  
  87  15:43  Drone  
  87  15:45  Brood Lord  
  89  16:23  Drone x3, Spine Crawler x2  
  90  16:28  Zerg Flyer Weapons Level 2  
  90  16:35  Corruptor x2  
  90  16:37  Brood Lord x2  
  90  16:38  Drone  
  99  16:46  Drone  
  100  16:52  Hatchery  
  100  16:53  Hatchery, Zerg Flyer Armor Level 2  
  98  17:03  Spine Crawler  
  98  17:04  Drone, Spine Crawler  
  98  17:05  Extractor x2, Queen  
  98  17:06  Corruptor  
  98  17:07  Zergling x2  
  98  17:08  Zergling x10  
  105  17:10  Drone  
  106  17:26  Drone  
  106  17:28  Drone, Corruptor x3  
  114  17:31  Zergling x4, Overlord x4  
  116  17:39  Drone  
  116  17:43  Viper  
  120  17:44  Zergling x4  
  122  17:58  Drone  
  123  18:00  Corruptor  
  123  18:04  Brood Lord  
  123  18:05  Drone x3  
  129  18:20  Drone x3  
  129  18:21  Corruptor x2  
  136  18:30  Drone  
  136  18:31  Drone x2  
  139  18:35  Drone  
  139  18:37  Corruptor  
  139  18:40  Spine Crawler  
  139  18:41  Drone x2  
  142  18:43  Spine Crawler  
  142  18:44  Drone  
  142  18:45  Spine Crawler x2  
  133  18:56  Drone x3  
  133  19:11  Drone x3  
  133  19:12  Drone  
  133  19:15  Corruptor x4  
  118  19:40  Corruptor x2  
  117  19:51  Corruptor  
  100  19:53  Zergling x16  
  100  19:58  Drone x2  
  100  19:59  Drone x4  
  106  20:05  Corruptor  
  106  20:07  Zergling x4  
  110  20:10  Extractor  
  110  20:11  Extractor  
  108  20:16  Extractor  
  108  20:17  Extractor, Spore Crawler  
  108  20:18  Hatchery  
  108  20:19  Spine Crawler  
  108  20:20  Drone x2, Spine Crawler  
  104  20:26  Drone x2  
  106  20:29  Hatchery, Brood Lord  
  106  20:32  Brood Lord  
  106  20:35  Zergling x8, Overlord x2  
  112  20:36  Drone  
  112  20:37  Drone  
  101  20:54  Brood Lord  
  101  20:55  Drone x4  
  107  21:10  Brood Lord  
  109  21:24  Corruptor x2  
  109  21:25  Corruptor  
  113  21:29  Drone  
  113  21:30  Drone x5  
  115  21:47  Corruptor  
  115  21:48  Corruptor x2  
  115  21:49  Zergling x12  
  115  21:50  Drone x2  
  115  21:51  Drone x2  
  115  21:53  Brood Lord  
  127  22:04  Corruptor x3  
  127  22:06  Drone x4  
  127  22:07  Drone x2  
  136  22:13  Drone  
  136  22:14  Drone x2  
  139  22:17  Brood Lord  
  139  22:20  Brood Lord  
Show
View Real Time Build Order
Export as new Build Order

Massa Terran 

Build Orders:  

Get SALT Encoding   

  12  0:00  SCV  
  13  0:12  SCV  
  14  0:17  Supply Depot  
  14  0:25  SCV  
  15  0:39  SCV  
  15  0:40  Barracks  
  16  0:50  Refinery  
  16  0:51  SCV  
  17  1:03  SCV  
  18  1:10  Barracks  
  18  1:23  SCV  
  20  1:32  Reaper  
  20  1:49  Orbital Command  
  20  2:05  Command Center  
  21  2:17  Reaper  
  21  2:18  Reaper  
  21  2:20  SCV  
  23  2:25  Supply Depot  
  23  2:45  Refinery  
  23  2:47  SCV  
  23  2:49  Reaper  
  23  2:50  Reaper  
  26  2:59  SCV  
  27  3:15  SCV  
  27  3:18  Orbital Command, Engineering Bay  
  28  3:21  Reaper  
  29  3:27  SCV  
  30  3:57  Reaper x2  
  29  4:23  SCV  
  29  4:24  SCV  
  31  4:29  Reaper x2  
  33  4:32  Barracks  
  33  4:33  Terran Infantry Weapons Level 1  
  33  4:34  Factory  
  33  4:36  SCV x2  
  33  4:37  Barracks  
  34  4:48  SCV x2  
  34  5:01  Reaper  
  32  5:17  Marine  
  33  5:29  Barracks Tech Lab x2  
  33  5:30  Hellion  
  33  5:34  Barracks Reactor  
  33  5:35  SCV, Marine  
  36  5:36  SCV  
  38  5:46  Supply Depot  
  38  5:48  SCV x2  
  40  5:51  Hellion  
  42  6:00  SCV x2  
  42  6:22  Factory Tech Lab, Missile Turret  
  42  6:24  Stimpack  
  42  6:25  Combat Shield  
  42  6:27  Marine x2  
  42  6:29  Marauder x2, Marine  
  49  6:33  Terran Infantry Armor Level 1  
  49  6:34  SCV x2  
  49  6:38  Refinery  
  51  6:40  Refinery  
  51  6:42  Starport  
  51  6:45  Marine x2  
  51  6:46  SCV  
  51  6:47  Missile Turret  
  54  6:51  Supply Depot  
  54  6:55  Supply Depot  
  54  6:56  Supply Depot  
  54  6:58  Command Center  
  54  7:01  Sensor Tower  
  54  7:12  Marine x4  
  54  7:13  SCV, Cyclone  
  62  7:16  Marine  
  62  7:17  SCV  
  62  7:19  Supply Depot  
  62  7:21  Supply Depot  
  64  7:29  SCV, Armory  
  65  7:30  Marine  
  65  7:31  SCV, Marauder  
  65  7:34  Medivac  
  72  7:41  SCV  
  72  7:43  SCV, Barracks Tech Lab  
  73  7:45  Siege Tank  
  73  7:49  Engineering Bay  
  76  7:53  SCV  
  76  7:55  SCV  
  78  8:05  SCV  
  79  8:07  SCV  
  80  8:17  SCV, Siege Tank  
  80  8:19  SCV  
  85  8:24  Planetary Fortress  
  85  8:28  Marauder  
  85  8:29  SCV, Marauder x2, Marine x2  
  85  8:31  Missile Turret  
  85  8:32  SCV  
  95  8:41  SCV  
  95  8:43  Sensor Tower  
  95  8:44  SCV  
  95  8:47  Marine x2  
  99  8:49  Siege Tank  
  99  8:50  Marauder x3  
  99  8:52  Terran Infantry Weapons Level 2  
  108  8:58  Refinery  
  108  9:02  Refinery  
  107  9:03  SCV x2  
  109  9:17  Starport Reactor  
  109  9:18  Terran Infantry Armor Level 2, Supply Depot x2  
  109  9:19  Supply Depot x2  
  109  9:26  SCV  
  109  9:34  Command Center  
  109  9:40  SCV x3  
  109  9:43  Supply Depot x2  
  109  9:44  Supply Depot  
  112  9:46  Supply Depot  
  112  9:49  Siege Tank  
  112  9:52  SCV  
  116  9:56  Supply Depot  
  116  9:57  Supply Depot  
  116  9:59  Medivac  
  118  10:00  Medivac  
  118  10:04  SCV  
  118  10:05  SCV x2  
  123  10:15  Marauder x3, Marine  
  123  10:17  SCV x3  
  123  10:20  Supply Depot x2  
  123  10:21  Siege Tank  
  132  10:29  SCV, Medivac  
  132  10:30  Medivac  
  137  10:36  Marauder  
  139  10:44  Supply Depot  
  139  10:46  Marine x4  
  143  10:53  Siege Tank  
  143  10:57  Marine  
  143  11:03  Marine  
  145  11:04  Marine x3  
  145  11:09  Terran Infantry Weapons Level 3, Missile Turret  
  145  11:10  Terran Vehicle Weapons Level 1  
  148  11:15  Marine  
  149  11:21  Marine  
  149  11:22  Marine x2  
  148  11:30  Missile Turret  
  148  11:32  Marine  
  148  11:33  Marauder  
  148  11:39  Marine x2  
  152  11:40  Marauder  
  152  11:57  Marauder, Marine x2  
  152  11:58  Marauder  
  158  12:01  Marauder  
  160  12:15  Marine x2  
  161  12:16  Sensor Tower  
  161  12:22  Barracks x2  
  162  12:23  Barracks x2  
  162  12:26  Factory  
  110  12:59  Marauder x3, Marine x2  
  117  13:10  Factory Tech Lab  
  117  13:11  Barracks Tech Lab  
  117  13:12  Barracks Tech Lab x3  
  117  13:15  Planetary Fortress  
  117  13:17  SCV x3, Marine x2  
  122  13:20  Marauder x2  
  122  13:21  Marauder  
  122  13:26  Command Center  
  128  13:29  SCV  
  129  13:35  Marine  
  130  13:42  Marauder  
  114  13:52  Marauder x5, Marine x2  
  107  14:06  Marauder, Marine  
  107  14:07  Siege Tank x2  
  109  14:10  Marine  
  109  14:11  Marauder  
  109  14:12  Marine  
  109  14:13  Marauder x2, Marine x2  
  109  14:17  Concussive Shells  
  108  14:23  Marine  
  109  14:26  Marine  
  109  14:28  Marine, Missile Turret  
  109  14:29  Sensor Tower, Missile Turret  
  109  14:30  Marine x2  
  109  14:31  Marine  
  114  14:32  Marine  
  114  14:34  Marine x2  
  93  14:39  Siege Tank x2  
  93  14:41  Marine  
  93  14:44  Marine  
  88  14:46  Marine  
  88  14:49  Marauder x3, Marine, Missile Turret  
  88  14:50  Missile Turret  
  88  14:52  Marine x2  
  95  14:59  Marine  
  93  15:03  Marauder  
  93  15:04  Marine  
  94  15:08  Marauder  
  94  15:09  Marine  
  94  15:10  Marauder  
  94  15:11  Siege Tank x2  
  104  15:20  Medivac  
  104  15:21  Medivac  
  105  15:40  Command Center  
  105  15:43  Siege Tank  
  108  15:50  Medivac  
  108  15:51  Medivac  
  108  15:53  Planetary Fortress  
  112  15:58  SCV x3  
  112  16:01  Command Center  
  115  16:10  SCV x3, Sensor Tower  
  118  16:20  Medivac  
  118  16:22  SCV  
  118  16:23  SCV x2  
  123  16:26  Barracks Reactor, Barracks Tech Lab, Marauder x3  
  123  16:27  Marine x4  
  123  16:31  Viking  
  135  16:34  SCV  
  135  16:35  SCV x2, Smart Servos  
  135  16:39  Terran Infantry Armor Level 3  
  138  16:43  Terran Vehicle Weapons Level 2  
  138  16:45  Marine x2  
  138  16:46  SCV, Marauder x2, Marine, Thor  
  153  16:47  SCV x2  
  153  16:48  Thor  
  153  16:50  Viking  
  162  17:01  Viking  
  164  17:15  Armory  
  164  17:20  Viking  
  164  17:21  Planetary Fortress  
  166  17:23  SCV x3  
  166  17:24  SCV  
  166  17:29  Thor  
  176  17:31  Thor  
  176  17:35  SCV x2  
  176  17:36  SCV x2  
  186  17:41  Medivac  
  186  17:42  Refinery  
  188  17:45  Refinery  
  188  17:50  Medivac  
  190  17:53  Drilling Claws  
  190  17:58  Refinery  
  190  18:02  Refinery  
  188  18:10  SCV x3  
  188  18:11  SCV x2  
  191  18:22  SCV  
  191  18:23  SCV x2  
  194  18:29  Sensor Tower  
  194  18:31  Missile Turret  
  194  18:33  Missile Turret  
  194  18:34  SCV  
  194  18:35  SCV  
  194  18:36  Missile Turret  
  196  18:45  Siege Tank  
  199  18:49  Command Center  
  199  19:13  Planetary Fortress  
  198  19:18  Refinery  
  188  19:38  Marine x3  
  185  19:39  Marauder x2, Marine  
  185  19:40  Marauder  
  171  20:19  Marauder x4, Marine  
  171  20:20  Marauder, Marine  
  182  20:32  Command Center  
  182  20:36  Marauder, Marine  
  182  20:38  Medivac x2  
  182  20:41  Marauder x3  
  184  21:08  Medivac x2  
  172  21:25  Thor x2  
  180  21:54  Marauder x6, Marine  
  163  21:55  Marine x3  
  148  22:02  Planetary Fortress  
  147  22:08  Siege Tank  
  147  22:12  Marine x3  
  147  22:13  Marine  
  147  22:15  Marauder x5, Marine  
  171  22:23  Missile Turret  
  171  22:24  Sensor Tower  
Show
View Real Time Build Order
Export as new Build Order

Samonier Terran - Winner!

Build Orders: Hellion Opening, Mech 

Get SALT Encoding   

  12  0:00  SCV  
  13  0:12  SCV  
  14  0:18  Supply Depot  
  14  0:24  SCV  
  15  0:28  Refinery  
  15  0:40  SCV  
  16  0:45  Barracks  
  16  0:52  SCV  
  17  1:04  SCV  
  18  1:16  SCV  
  20  1:35  Barracks Reactor  
  20  1:37  Orbital Command  
  19  1:45  Command Center  
  19  2:00  Factory  
  19  2:03  SCV  
  20  2:15  Marine x2  
  21  2:16  Supply Depot  
  21  2:23  SCV  
  22  2:35  SCV  
  23  2:38  Marine x2  
  25  2:47  SCV  
  26  2:59  SCV  
  26  3:01  Orbital Command  
  26  3:05  Hellion x2  
  31  3:11  SCV  
  32  3:16  Supply Depot  
  32  3:23  SCV  
  32  3:26  Hellion x2  
  37  3:35  SCV  
  38  3:48  SCV, Hellion x2  
  43  4:04  SCV  
  43  4:05  SCV  
  43  4:09  Hellion x2  
  49  4:16  SCV  
  50  4:30  Hellion x2  
  54  4:45  Refinery  
  54  4:48  Factory  
  54  4:49  SCV x2  
  54  4:50  Factory  
  54  4:53  Factory  
  54  4:54  Supply Depot  
  54  4:55  Factory  
  54  4:56  Supply Depot  
  54  5:01  SCV  
  54  5:03  SCV  
  54  5:06  Hellion x2  
  58  5:13  SCV  
  59  5:15  SCV  
  59  5:18  Supply Depot  
  60  5:25  SCV  
  60  5:27  SCV  
  66  5:28  Hellion x2  
  66  5:34  Factory Tech Lab x2  
  66  5:37  Factory Tech Lab, SCV  
  66  5:39  SCV  
  66  5:41  Factory Tech Lab  
  67  5:50  SCV  
  55  6:02  SCV x2, Engineering Bay  
  53  6:06  Refinery, Widow Mine x2  
  53  6:07  Widow Mine x4  
  65  6:13  Command Center  
  65  6:22  SCV x2  
  67  6:28  Widow Mine  
  67  6:29  Supply Depot  
  67  6:30  Supply Depot  
  69  6:33  Refinery  
  69  6:34  SCV  
  69  6:37  Missile Turret  
  69  6:39  Missile Turret  
  70  6:47  Infernal Pre-Igniter  
  70  6:50  SCV  
  70  6:51  SCV  
  72  6:55  Supply Depot  
  72  7:02  SCV  
  72  7:03  SCV  
  72  7:21  Siege Tank x2  
  72  7:27  Armory  
  72  7:29  Orbital Command  
  72  7:33  Hellion x4  
  80  7:41  Armory  
  80  7:53  Hellion x2  
  80  7:54  Hellion  
  80  7:56  Orbital Command  
  86  8:01  Cyclone x2  
  92  8:07  SCV  
  92  8:08  SCV  
  94  8:16  Siege Tank  
  94  8:19  SCV  
  98  8:20  SCV  
  99  8:29  Hellion x3  
  99  8:30  SCV  
  99  8:31  Starport, SCV  
  99  8:32  SCV  
  99  8:34  Hellion x2  
  112  8:37  Terran Vehicle Weapons Level 1  
  112  8:42  SCV, Terran Vehicle And Ship Armor Level 1  
  112  8:44  SCV x2  
  112  8:48  Hellion  
  117  8:51  Hellion x3  
  117  8:54  SCV  
  117  8:55  Hellion  
  124  8:56  SCV  
  124  8:58  SCV  
  120  9:06  SCV  
  120  9:08  SCV  
  120  9:09  Starport Reactor  
  122  9:10  SCV, Thor  
  122  9:14  Supply Depot  
  129  9:18  SCV, Supply Depot  
  129  9:20  SCV, Missile Turret  
  129  9:22  SCV  
  132  9:26  Missile Turret  
  132  9:27  Missile Turret  
  132  9:29  Cyclone x2, Command Center  
  132  9:30  SCV  
  139  9:36  Mag-Field Accelerator  
  139  9:47  Refinery  
  139  9:48  Refinery  
  139  9:49  Missile Turret  
  139  9:50  Missile Turret  
  139  9:55  Thor  
  145  10:07  SCV  
  145  10:08  SCV x2  
  145  10:09  Hellion x4  
  156  10:15  Hellion  
  158  10:30  Hellion x4  
  166  10:37  Hellion  
  166  10:38  Hellion  
  167  10:51  Hellion, Thor  
  167  10:52  Hellion x2  
  167  10:55  Orbital Command  
  179  10:57  Thor  
  179  11:00  Command Center  
  179  11:03  Command Center  
  185  11:04  Command Center  
  173  11:31  Viking x2  
  175  11:33  Siege Tank x2  
  175  11:34  Siege Tank  
  175  11:35  Hellion x2  
  188  11:50  Siege Tank  
  179  11:56  Hellion x2  
  183  12:01  Viking x2  
  183  12:06  Hellion x2  
  188  12:12  Hellion  
  190  12:18  Hellion x2  
  194  12:23  Hellion  
  194  12:27  Siege Tank x2  
  196  12:32  Terran Vehicle And Ship Armor Level 2, Terran Vehicle Weapons Level 2  
  196  12:33  Thor  
  198  12:39  Hellion x2  
  198  12:44  Thor  
  163  12:58  Thor  
  163  12:59  Hellion  
  163  13:00  Hellion  
  163  13:01  Hellion  
  175  13:08  Orbital Command x2  
  175  13:14  Orbital Command  
  175  13:16  Hellion  
  177  13:21  Hellion  
  177  13:22  Hellion x2  
  185  13:27  Hellion  
  185  13:32  Orbital Command, Command Center  
  185  13:35  Smart Servos, Drilling Claws  
  185  13:37  Hellion  
  187  13:42  Hellion x2  
  187  13:43  Hellion x2  
  182  14:08  Hellion x6  
  194  14:29  Hellion  
  194  14:30  Hellion x3  
  192  14:51  Thor, Siege Tank x2  
  200  15:13  Refinery  
  200  15:18  Refinery  
  200  16:01  Planetary Fortress  
  200  16:04  Missile Turret  
  190  16:12  Missile Turret  
  190  16:15  Missile Turret  
  180  16:31  Missile Turret  
  180  16:34  Terran Vehicle Weapons Level 3  
  180  16:35  Terran Vehicle And Ship Armor Level 3  
  180  16:36  Missile Turret  
  180  16:43  Command Center  
  180  16:46  Thor x5  
  180  16:48  Refinery x2  
  180  16:53  Missile Turret  
  180  16:59  Sensor Tower  
  180  17:12  Barracks Tech Lab, Ghost Academy  
  180  17:13  Missile Turret, Ghost Academy  
  180  17:16  Barracks, Ghost Academy  
  174  17:32  Missile Turret  
  174  17:52  Missile Turret  
  172  18:00  Orbital Command  
  172  18:05  Barracks Tech Lab, Ghost  
  172  18:08  Enhanced Shockwaves, Personal Cloaking  
  172  18:09  Nuke  
  172  18:12  Missile Turret  
  164  18:27  Hellion x6  
  174  18:29  Refinery x2  
  174  18:32  Missile Turret  
  176  18:34  Ghost  
  178  18:42  Ghost  
  178  18:43  Terran Infantry Weapons Level 1  
  178  18:46  Engineering Bay  
  178  18:48  Hellion x4  
  188  19:02  Ghost  
  190  19:10  Ghost  
  192  19:26  Thor  
  192  19:27  Nuke  
  192  19:28  Hellion  
  200  19:34  Nuke  
  196  20:03  Ghost x2  
  200  20:22  Terran Ship Weapons Level 1  
  182  20:58  Nuke  
  182  20:59  Nuke  
  182  21:00  Cyclone x4  
  194  21:32  Cyclone, Nuke  
  176  22:26  Hellion x4  
  176  22:28  Hellion  
Show
View Real Time Build Order
Export as new Build Order

Gladiator Protoss - Winner!

Build Orders: Carriers 

Get SALT Encoding   

  12  0:00  Probe  
  13  0:12  Probe  
  14  0:23  Pylon  
  14  0:24  Probe  
  15  0:43  Gateway  
  15  0:51  Forge  
  15  1:00  Probe  
  16  1:12  Probe  
  17  1:36  Pylon  
  17  2:03  Photon Cannon  
  17  2:05  Photon Cannon  
  17  2:09  Photon Cannon  
  17  2:10  Pylon  
  16  2:18  Pylon  
  16  2:21  Photon Cannon  
  16  2:43  Photon Cannon  
  16  2:47  Probe, Assimilator, Cybernetics Core  
  17  2:59  Probe  
  17  3:05  Assimilator  
  17  3:11  Probe  
  18  3:23  Probe  
  18  3:25  Pylon  
  18  3:27  Adept (Chrono Boost)  
  10  4:12  Adept (Chrono Boost)  
  12  4:22  Photon Cannon  
  12  4:26  Probe (Chrono Boost), Pylon  
  12  4:31  Photon Cannon  
  13  4:40  Probe (Chrono Boost)  
  14  4:53  Adept  
  14  4:59  Probe  
  17  5:11  Probe (Chrono Boost)  
  19  5:23  Probe (Chrono Boost)  
  19  5:28  Probe (Chrono Boost)  
  20  5:37  Probe  
  21  5:49  Probe  
  21  6:02  Probe, Stargate  
  21  6:14  Probe  
  22  6:26  Probe  
  23  6:38  Probe  
  24  6:44  Pylon  
  24  6:46  Phoenix  
  26  6:50  Probe  
  27  7:02  Probe  
  28  7:14  Probe  
  29  7:17  Nexus  
  29  7:26  Probe  
  30  7:38  Probe  
  30  7:41  Phoenix, Protoss Air Weapons Level 1 (Chrono Boost)  
  33  7:54  Photon Cannon  
  33  8:11  Probe  
  34  8:17  Fleet Beacon  
  34  8:23  Probe  
  34  8:26  Stargate  
  35  8:33  Probe  
  36  8:35  Probe  
  36  8:41  Phoenix  
  39  9:06  Phoenix  
  41  9:23  Probe  
  41  9:24  Probe  
  43  9:31  Phoenix  
  43  9:33  Assimilator  
  43  9:35  Probe, Assimilator, Warp Gate (Chrono Boost)  
  43  9:36  Probe  
  47  9:45  Phoenix  
  47  9:48  Probe  
  50  9:56  Probe, Phoenix  
  53  10:00  Probe  
  54  10:15  Probe x2  
  56  10:25  Tempest, Nexus  
  56  10:27  Probe, Pylon  
  62  10:31  Pylon  
  62  10:35  Pylon  
  62  10:45  Probe  
  63  11:01  Probe x2  
  65  11:09  Photon Cannon  
  65  11:12  Photon Cannon  
  65  11:13  Probe x2  
  65  11:15  Photon Cannon  
  67  11:19  Tempest, Photon Cannon  
  67  11:21  Photon Cannon  
  67  11:25  Probe x2  
  74  11:27  Shield Battery  
  74  11:36  Probe  
  74  11:37  Probe x2  
  77  11:45  Assimilator  
  77  11:47  Flux Vanes  
  77  11:48  Void Ray  
  77  11:49  Probe x2, Assimilator  
  77  11:51  Shield Battery  
  79  11:59  Probe  
  84  12:01  Probe x2  
  86  12:12  Probe  
  86  12:13  Probe  
  88  12:24  Adept  
  90  12:30  Protoss Air Weapons Level 2 (Chrono Boost)  
  88  13:14  Stalker  
  88  13:15  Probe x3  
  93  13:27  Probe x2, Carrier  
  101  13:48  Twilight Council  
  101  13:52  Stargate  
  101  13:54  Stargate  
  101  13:55  Gateway  
  101  13:56  Nexus  
  101  13:58  Gateway  
  101  13:59  Pylon  
  101  14:00  Pylon  
  101  14:15  Probe x2  
  107  14:17  Carrier  
  98  15:13  Probe x4  
  100  15:15  Photon Cannon  
  100  15:17  Photon Cannon  
  100  15:19  Photon Cannon  
  86  15:22  Photon Cannon  
  86  15:23  Tempest x2 (Chrono Boost), Photon Cannon  
  86  15:25  Shield Battery  
  86  15:28  Shield Battery  
  89  15:38  Tempest (Chrono Boost)  
  89  15:39  Tempest (Chrono Boost)  
  99  15:44  Charge (Chrono Boost)  
  99  15:50  Zealot x3  
  99  15:57  Tempest (Chrono Boost)  
  105  15:59  Gateway, Protoss Ground Weapons Level 1 (Chrono Boost)  
  105  16:01  Gateway  
  105  16:03  Gateway, Assimilator  
  110  16:06  Assimilator  
  110  16:08  Stargate x2  
  110  16:10  Templar Archives  
  110  16:19  Carrier x3  
  128  16:26  Protoss Air Weapons Level 3 (Chrono Boost)  
  128  16:30  Pylon  
  128  16:31  Pylon  
  128  16:33  Pylon  
  128  16:37  Zealot x2  
  132  16:57  Pylon  
  132  17:07  Carrier  
  138  17:09  Probe x2  
  138  17:10  Probe  
  138  17:13  Probe  
  138  17:15  Unknown  
  142  17:20  Carrier x2  
  142  17:21  Probe  
  142  17:22  Probe x2  
  157  17:23  Carrier  
  157  17:26  Probe  
  164  17:41  Pylon  
  164  17:43  Pylon  
  164  17:44  Pylon  
  164  17:46  Pylon  
  164  17:47  Pylon  
  164  17:59  Probe x2  
  166  18:07  Nexus  
  166  18:09  Zealot x6, Pylon  
  166  18:11  Pylon  
  178  18:14  Pylon  
  177  18:23  Phoenix  
  177  18:24  Phoenix x4  
  187  18:27  Phoenix  
  189  18:48  Phoenix x2  
  189  18:49  Phoenix  
  189  18:54  Nexus  
  195  18:56  Pylon  
  195  18:59  Pylon  
  195  19:02  Phoenix  
  195  19:03  Protoss Ground Weapons Level 2 (Chrono Boost)  
  195  19:05  Phoenix, Protoss Air Armor Level 1 (Chrono Boost)  
  195  19:07  Phoenix  
  183  19:39  Carrier (Chrono Boost)  
  183  19:40  Carrier x2 (Chrono Boost)  
  140  20:23  Carrier x3 (Chrono Boost)  
  154  20:37  Carrier (Chrono Boost)  
  160  21:00  Nexus  
  160  21:03  Pylon  
  160  21:04  Pylon  
  160  21:07  Assimilator  
  160  21:17  Nexus  
  160  21:19  Pylon  
  160  21:20  Pylon  
  160  21:24  Assimilator  
  160  21:28  Assimilator  
  160  21:29  Tempest x3  
  175  21:50  Photon Cannon  
  175  22:07  Probe x3  
  178  22:19  Probe x3  
  181  22:31  Probe x3  
Tags
 
Add a new tag
Caveats
  • Supply blocks, unpowered buildings, or Contaminate may cause inaccurate times.
  • Supply counts are checked every 10 seconds.